 Dungeon Crawl Stone Soup version 0.29.1-2-gbd0b4ee654 (webtiles) character file.

Game seed: 14268903770539627692

835 styxcanada the Covered (level 7, -4/62 HPs)
             Began as a Minotaur Fighter on Nov 25, 2022.
             Killed from afar by an electric eel (9 damage)
             ... with a bolt of electricity
             ... on level 6 of the Dungeon.
             The game lasted 00:15:24 (5024 turns).

styxcanada the Covered (Minotaur Fighter)           Turns: 5024, Time: 00:15:24

Health: -4/62      AC: 15    Str: 24 (27) XL:     7   Next: 66%
Magic:  6/6        EV: 10    Int:  3 (4)  God:
Gold:   275        SH:  4    Dex:  6 (8)  Spells: 6/6 levels left

rFire   . . .      SeeInvis .   a - +1 war axe
rCold   + . .      Faith    .   c - +0 buckler
rNeg    . . .      Spirit   .   b - +0 scale mail
rPois   +          Reflect  .   j - +1 hat
rElec   .          Harm     .   (no cloak)
rCorr   .          Rampage  .   u - +0 pair of gloves
Will    .....                   l - +2 pair of boots
Stlth   ..........              (no amulet)
HPRegen 0.20/turn               A - ring of protection from cold
MPRegen 0.10/turn               (no ring)

@: very slow
A: horns 2, retaliatory headbutt, iridescent scales 1, poison resistance, strong
1
a: no special abilities


You were on level 6 of the Dungeon.
You visited 1 branch of the dungeon, and saw 6 of its levels.

You collected 275 gold pieces.

Inventory:

Hand Weapons
 a - a +1 war axe (weapon)
Missiles
 i - 26 stones
 m - 6 curare-tipped darts
 w - 2 poisoned darts (quivered)
Armour
 b - a +0 scale mail (worn)
 c - a +0 buckler (worn)
 j - a +1 hat (worn)
 l - a +2 pair of boots (worn)
 u - a +0 pair of gloves (worn)
Jewellery
 A - a ring of protection from cold (left hand)
Scrolls
 e - a scroll of teleportation
 h - 2 scrolls of blinking
 s - a scroll of immolation
 z - a scroll of poison
 B - a scroll of fear
Potions
 d - 3 potions of might
 f - 5 potions of flight
 g - 2 potions of haste
 k - a potion of mutation
 n - 2 potions of brilliance {unknown}
 o - a potion of invisibility {unknown}
 p - a potion of berserk rage {unknown}
 q - a potion of heal wounds {unknown}
 r - a potion of cancellation {unknown}
 v - a potion of degeneration
 x - a potion of magic {unknown}


   Skills:
 * Level 5.9 Fighting
 + Level 5.8 Axes
 + Level 0.7 Throwing
 * Level 7.4 Armour
 + Level 1.9 Dodging
 + Level 4.5 Shields


You had 6 spell levels left.
You didn't know any spells.
Your spell library contained the following spells:

 Spells                   Type           Power      Damage    Failure   Level
 Magic Dart               Conj           0%         1d3       87%         1
 Searing Ray              Conj           0%         2d4       95%         2
 Fulminant Prism          Conj/Hex       0%         3d6       100%        4


Dungeon Overview and Level Annotations

Branches:
Dungeon (6/15)
 Temple: D:4-7

Altars:

Shops:
D:1 =


Innate Abilities, Weirdness & Mutations

You have a pair of horns on your head.
You reflexively headbutt those who attack you in melee.
You are partially covered in iridescent scales. (AC +2)
Your system is resistant to poisons. (rPois)
Your muscles are strong. (Str +4, Int/Dex -1)


Message History

You hit the electric eel. Your headbutt misses the electric eel.
The electric eel is moderately wounded.
The electric eel shoots out a bolt of lightning at you!
The bolt of electricity hits you!
Your unstable footing causes you to fumble your attack.
The electric eel shoots out a bolt of lightning at you!
The bolt of electricity hits you.
You slash the electric eel!
The electric eel is almost dead.
The electric eel shoots out a bolt of lightning at you!
The bolt of electricity hits you!
Your unstable footing causes you to fumble your attack.
The electric eel shoots out a bolt of lightning at you!
The bolt of electricity hits you.
* * * LOW HITPOINT WARNING * * *
Your unstable footing causes you to fumble your attack.
You miss the electric eel.
The electric eel is almost dead.
The electric eel shoots out a bolt of lightning at you!
The bolt of electricity misses you.
You miss the electric eel. Your headbutt misses the electric eel.
The electric eel is almost dead.
The electric eel shoots out a bolt of lightning at you!
The bolt of electricity hits you.
* * * LOW HITPOINT WARNING * * *
Your unstable footing causes you to fumble your attack.
The electric eel shoots out a bolt of lightning at you!
The bolt of electricity hits you!
* * * LOW HITPOINT WARNING * * *
You barely miss the electric eel.
The electric eel is almost dead.
The electric eel shoots out a bolt of lightning at you!
The bolt of electricity misses you.
You miss the electric eel. Your headbutt misses the electric eel.
The electric eel is almost dead.
You barely miss the electric eel. Your headbutt misses the electric eel.
The electric eel is almost dead.
The electric eel shoots out a bolt of lightning at you!
The bolt of electricity hits you!
You die...

#######.## ##.<.#.#.# ..
.........#####..#[#$# .#
..................#.####.##
...###~..~###.....#....<...
..#...#≈≈#...#...[.......##
#.⌠.#≈≈#.⌠.#..).########
#...#≈≈#.(.#..[##
..###≈≈≈~###.!..#
....~≈≈≈S@......#
..~≈≈≈≈~=.....#
###≈≈≈≈###........ ...#≈≈#
.#.###### .⌠ #≈≈ ⌠.#.# .
#≈≈ ...#.# ≈. ~###..# ...
.#


You could see an electric eel.

Vanquished Creatures
  A black bear (D:5)
  An ogre (D:5)
  A centaur (D:5)
  A necrophage (D:3)
  3 scorpions
  A hound (D:5)
  3 orc priests
  2 jellies (D:5)
  2 adders
  3 gnolls (D:5)
  A white imp (D:5)
  2 worms
  3 dart slugs
  9 orcs
  2 ball pythons
  4 bats
  5 endoplasms
  A giant cockroach (D:3)
  2 goblins
  6 hobgoblins
  6 jackals
  5 quokkas
  11 frilled lizards
  5 kobolds
  A rat (D:3)
81 creatures vanquished.

Vanquished Creatures (others)
  2 orc wizards (D:6)
  7 plants (D:2)
9 creatures vanquished.

Grand Total: 90 creatures vanquished

Notes
Turn   | Place    | Note
-------+----------+-------------------------------------------
     0 | D:1      | styxcanada the Minotaur Fighter began the quest for the
                  | Orb.
     0 | D:1      | Reached XP level 1. HP: 19/19 MP: 0/0
   248 | D:1      | Reached XP level 2. HP: 27/27 MP: 1/1
   786 | D:1      | Found Igyint's Jewellery Emporium.
  1078 | D:2      | Reached skill level 4 in Armour
  1227 | D:2      | Reached XP level 3. HP: 33/33 MP: 2/2
  1762 | D:3      | Noticed a scorpion
  1771 | D:3      | Killed a scorpion
  1772 | D:3      | Reached XP level 4. HP: 22/41 MP: 3/3
  2103 | D:3      | Noticed a necrophage
  2109 | D:3      | Killed a necrophage
  2110 | D:3      | Reached skill level 5 in Armour
  2110 | D:3      | Reached XP level 5. HP: 47/47 MP: 4/4
  2266 | D:3      | Reached skill level 1 in Dodging
  2318 | D:3      | Reached skill level 5 in Fighting
  3301 | D:4      | Reached XP level 6. HP: 53/56 MP: 5/5
  3515 | D:5      | Entered Level 5 of the Dungeon
  3527 | D:5      | Reached skill level 6 in Armour
  3634 | D:5      | Reached XP level 7. HP: 41/61 MP: 6/6
  3775 | D:5      | Reached skill level 5 in Axes
  4093 | D:5      | Reached skill level 7 in Armour
  4715 | D:6      | Gained mutation: Your muscles are strong. (Str +4, Int/Dex
                  | -1) [potion of mutation]
  4715 | D:6      | Gained mutation: Your system is resistant to poisons.
                  | (rPois) [potion of mutation]
  4715 | D:6      | Gained mutation: You are partially covered in iridescent
                  | scales. (AC +2) [potion of mutation]
  5024 | D:6      | Killed from afar by an electric eel

Illustrated notes

Levels and vault maps discovered:
D:1:      shiori_shiawase, layout_basic, serial_shops, shop
D:2:      layout_loops_ring, serial_forest, infiniplex_forest_end_2,
          infiniplex_forest_lined_room_2, infiniplex_forest_straight_2,
          infiniplex_forest_fountain, infiniplex_forest_clump_large,
          infiniplex_forest_zigzag_1, infiniplex_forest_straight_3,
          dk_vineyard_1, minmay_lizard_king
D:3:      layout_rooms, minmay_stone_trees_small, minmay_surrounded
D:4:      layout_basic
D:5:      layout_basic
D:6:      layout_loops_ring, mainiacjoe_overflow_24_doors,
          gammafunk_ghost_cemetery, fountainhead, dreamdust_mushroom_princess

Skill      XL: |  1  2  3  4  5  6  7 |
---------------+----------------------+-----
Fighting       | 4 5 |  5.9
Shields        | 4 |  4.5
Armour         | 4 5 6 7 |  7.4
Axes           | 3 4 5 |  5.8
Dodging        | 1 |  1.9
Throwing       | |  0.7

Action                   |  1- 3 |  4- 6 |  7- 9 || total
-------------------------+-------+-------+-------++-------
Melee: War axe           |    89 |    68 |    60 ||   217
       Headbutt          |    13 |    14 |     6 ||    33
Throw: Stone             |     4 |       |     1 ||     5
       Dart              |       |       |     8 ||     8
  Use: Scroll            |       |     9 |     2 ||    11
       Potion            |       |       |     2 ||     2
Armor: Scale mail        |    33 |    38 |    51 ||   122
Dodge: Dodged            |    49 |    37 |    27 ||   113
Block: Buckler           |    27 |    17 |    16 ||    60
